 Dungeon Crawl Stone Soup version 0.25-a0-503-ge281fa673e (webtiles) character file.

Game seed: 7448264299083339071, levelgen mode: deterministic

117474 Dragon00 the Warrior (level 16, -20/160 HPs)
             Began as a Minotaur Berserker on Jan 17, 2020.
             Was a High Priest of Trog.
             Killed from afar by Nikola (21 damage)
             ... with a chain lightning
             ... on level 2 of the Lair of Beasts on Feb 13, 2020.
             The game lasted 02:04:08 (29589 turns).

Dragon00 the Warrior (Minotaur Berserker)          Turns: 29589, Time: 02:04:08

Health: -20/160    AC: 30    Str: 23    XL:     16   Next: 23%
Magic:  15/15      EV: 17    Int: 10    God:    Trog [*****.]
Gold:   2624       SH:  2    Dex: 19    Spells: 15/15 levels left

rFire    + . .     SeeInvis +   a - +5 executioner's axe (vorpal)
rCold    . . .     Gourm    .   (shield currently unavailable)
rNeg     . . .     Faith    .   e - +2 plate armour
rPois    +         Spirit   .   f - +2 hat {MR+}
rElec    .         Reflect  +   T - +2 cloak {rF+}
rCorr    .         Harm     .   n - +2 pair of gloves
MR       ++...                  E - +0 pair of boots "Sysseami" {Int+6 SInv} (curse)
Stlth    ..........             l - +2 amulet of reflection
HPRegen  0.36/turn              x - +3 ring of dexterity
MPRegen  0.14/turn              m - ring of poison resistance

@: no status effects
A: retaliatory headbutt, horns 2
a: Berserk, Trog's Hand, Brothers in Arms, Renounce Religion


You were on level 2 of the Lair of Beasts.
You worshipped Trog.
Trog was extremely pleased with you.
You were not hungry.

You visited 5 branches of the dungeon, and saw 25 of its levels.
You also visited: Ice Cave and Volcano.

You collected 2833 gold pieces.
You spent 209 gold pieces at shops.

Inventory:

Hand Weapons
 a - a +5 vorpal executioner's axe (weapon)
 b - a +0 hunting sling
 G - a +2 vorpal flail
Missiles
 F - 124 sling bullets
 H - 29 boomerangs
 X - 3 javelins (quivered)
Armour
 e - a +2 plate armour (worn)
 f - a +2 hat of magic resistance (worn)
 n - a +2 pair of gloves (worn)
 E - the cursed +0 pair of boots "Sysseami" (worn) {Int+6 SInv}
   (You bought it in a shop on level 6 of the Dungeon)

   It affects your intelligence (+6).
   It lets you see invisible.
   If you remove this armour, your AC will decrease by 2 (30 -> 28).
   It has a curse placed upon it.
 T - a +2 cloak of fire resistance (worn)
Jewellery
 j - an uncursed ring of flight
 k - an uncursed ring of resist corrosion
 l - a +2 amulet of reflection (around neck)
 m - a ring of poison resistance (right hand)
 w - an uncursed ring of positive energy
 x - a +3 ring of dexterity (left hand)
 S - an uncursed amulet of regeneration
Wands
 r - a wand of digging (11)
 s - a wand of polymorph (10)
 z - a wand of disintegration (32)
 A - a wand of clouds (11)
 I - a wand of acid (38)
 J - a wand of flame (97)
 M - a wand of iceblast (9)
 N - a wand of paralysis (10)
Scrolls
 d - 5 scrolls of blinking
 h - 5 scrolls of fear
 t - 5 scrolls of teleportation
 y - 2 scrolls of fog
 D - 2 scrolls of identify
 K - 2 scrolls of immolation
 Q - 5 scrolls of remove curse
 U - 2 scrolls of magic mapping
Potions
 g - 12 potions of curing
 o - 7 potions of heal wounds
 p - 3 potions of ambrosia
 q - 2 potions of might
 u - 3 potions of agility
 v - 4 potions of resistance
 C - 3 potions of haste
 L - 3 potions of brilliance
 O - a potion of flight
Comestibles
 c - 40 rations


   Skills:
 + Level 19.3 Fighting
 + Level 16.2 Axes
 + Level 16.1 Armour
 + Level 15.0 Dodging


You had 15 spell levels left.
You didn't know any spells.
Your spell library was empty.

Dungeon Overview and Level Annotations

Branches:
Dungeon (15/15)            Temple (1/1) D:7            Lair (6/6) D:9
 Shoals (0/4) Lair:4       Spider (1/4) Lair:2        Slime (0/5) Lair:5
    Orc (2/2) D:12            Elf (0/3) Orc:2        Vaults (0/5) D:13
 Depths (0/5) D:15          IceCv (visited)         Volcano (visited)

Altars:
Ashenzari
Cheibriados
Dithmenos
Elyvilon
Fedhas
Gozag
Hepliaklqana
Kikubaaqudgha
Makhleb
Nemelex Xobeh
Okawaru
Qazlal
Ru
Sif Muna
Trog
Uskayaw
Vehumet
Wu Jian
Xom
Yredelemnul
Zin
The Shining One
Jiyva

Shops:
D:6 ?[%%*   Orc:1 *   Orc:2 !%}[

Portals:
Pandemonium: Orc:2

Annotations:
Lair:2 Nikola


Innate Abilities, Weirdness & Mutations

You reflexively headbutt those who attack you in melee.
You have a pair of horns on your head.


Message History

* * * LOW HITPOINT WARNING * * *
The orb spider spins a strand of pure energy.
The jumping spider leaps!
There is a crawl-hole back to the Lair, spattered with blood here.
The jumping spider leaps!
The jumping spider misses you. x2
Nikola hits you but does no damage.
You climb upwards.
Welcome back to the Lair of Beasts!
There is a hole to the Spider Nest here.
You see here a +0 antimagic broad axe.
Your two-headed ogre goes berserk!
You feel somewhat more hungry.
Nikola casts a spell.
You hear a mighty clap of thunder!
The lightning arc hits you!
* * * LOW HITPOINT WARNING * * *
The lightning arc hits your two-headed ogre!!!
The lightning arc hits you!
* * * LOW HITPOINT WARNING * * *
The lightning arc hits Nikola.
The lightning arc hits you!!
You die...

▓▓▓......▓▓ ▓▓......
▓▓▓▓.▓.......▓ ▓▓▓......
▓▓▓▓▓▓▓▓▓.▓.▓▓.......▓▓▓▓..^.....
▓☘☘....................▓.........
............................>....
......).........▓▓▓........>.....
..............▓▓▓.▓..............
.............▓▓...▓..............
...▓........▓▓.@@.▓..............
..▓........▓▓....O▓...▓.▓........
▓▓▓▓▓..▓.▓.▓^.^..▓▓...▓▓▓........
▓▓.▓▓▓▓▓.^.^▓▓...▓.▓▓☘.......
▓..▓ ▓..^^^▓.....▓.▓........
▓▓.▓▓▓.^.▓▓▓....▓.▓▓........
▓.▓▓..^▓▓.........▓........
▓▓.....▓▓▓..............▓...
▓......▓ ▓▓▓...........▓.▓..


You could see Nikola and a friendly two-headed ogre (berserk).

Vanquished Creatures
  Rupert (D:12)
  An ironheart preserver (D:13)
  A fire dragon (Lair:6)
  Erolcha (D:11)
  11 hydras
  2 ice dragons (D:15)
  9 two-headed ogres
  5 centaur warriors
  2 catoblepae
  An ogre mage (D:15)
  The ghost of Baufy the Cruncher, a novice CeGl of Kikubaaqudgha (D:12)
  3 death yaks (Lair:4)
  Nergalle (D:11)
  6 orc high priests (Orc:2)
  A sun demon (Orc:2)
  2 unseen horrors
  A torturous demonspawn (Orc:2)
  A wizard (D:15)
  An infernal demonspawn (Orc:2)
  A swamp dragon (Lair:6)
  Pikel (D:8)
  A spectral wolf spider (D:12)
  5 orc knights
  11 orc sorcerers
  4 deep elf magi
  8 ugly things
  5 wolf spiders
  4 cyclopes
  3 manticores
  A spectral centaur (D:12)
  A rust devil (Orc:2)
  A black mamba (Lair:5)
  Joseph (D:7)
  17 elephants
  3 gargoyles
  2 merfolk sirens (Lair:4)
  Psyche (D:8)
  3 ice statues (IceCv)
  A molten gargoyle (Lair:4)
  10 spiny frogs
  9 komodo dragons
  A kobold demonologist (D:13)
  Maggie (D:8)
  2 efreet
  2 demonic crawlers (Lair:2)
  3 rime drakes
  An ice devil (Orc:2)
  3 red devils (Volcano)
  9 polar bears (Lair:6)
  7 trolls
  Grinder (D:5)
  A meliai zombie (D:14)
  Prince Ribbit (D:5)
  6 jumping spiders (Lair:2)
  A merfolk (Lair:4)
  2 raiju (Lair:6)
  9 blink frogs
  18 slime creatures
  13 hippogriffs
  3 hornets
  4 centaur simulacra
  5 redbacks (Lair:2)
  A tarantella (shapeshifter) (D:10)
  2 ynoxinuls (Orc:2)
  Eustachio (D:4)
  37 yaks
  2 wraiths
  3 wyverns
  3 shadows
  A fire elemental (Lair:4)
  4 basilisks
  3 steam dragons (Lair:6)
  A chaos spawn (Orc:2)
  3 hungry ghosts
  A redback simulacrum (D:12)
  2 soldier ants
  8 wargs
  Edmund (D:4)
  Menkaure (D:5)
  2 acid dragons
  9 water moccasins
  9 porcupines
  12 hell hounds (Lair:6)
  A spectral hornet (D:12)
  A swamp drake (Orc:2)
  32 orc warriors
  2 meliai simulacra
  18 black bears
  4 necrophages
  2 slaves (D:8)
  2 phantoms
  5 sky beasts
  23 wolves
  14 ice beasts
  9 ogres
  11 centaurs
  16 crocodiles
  A big kobold (D:7)
  17 bullfrogs
  2 gnoll sergeants
  4 wyvern zombies
  6 scorpions
  A wyvern skeleton (D:7)
  A water moccasin skeleton (D:11)
  8 killer bees
  9 wights
  A vampire bat (D:4)
  6 howler monkeys
  10 crimson imps
  A lava snake (Lair:4)
  4 bullfrog zombies
  5 centaur zombies
  A wyvern simulacrum (D:12)
  3 quasits
  8 jellies
  A gnoll shaman (D:4)
  10 hounds
  3 centaur skeletons
  A bullfrog skeleton (D:4)
  3 iguanas
  An iron imp (Orc:2)
  29 orc wizards
  24 orc priests
  Ijyb (D:5)
  9 worker ants
  2 killer bee zombies
  A hound zombie (D:9)
  2 hound skeletons
  2 worker ant zombies
  A howler monkey skeleton (D:7)
  13 adders
  15 gnolls
  7 shadow imps
  13 white imps
  2 adder zombies
  2 adder skeletons (D:6)
  3 worms
  5 dart slugs
  3 fire bats (D:4)
  7 leopard geckos
  93 orcs
  2 spectral bats (D:4)
  16 bats
  3 bat skeletons (D:4)
  A bat zombie (D:4)
  2 giant cockroaches
  11 goblins
  4 hobgoblins
  7 quokkas
  A ball python (D:1)
  A ball python skeleton (D:5)
  A bat simulacrum (D:4)
  9 frilled lizards
  10 kobolds
  6 rats
  7 fungi (D:9)
  14 plants
919 creatures vanquished.

Vanquished Creatures (collateral kills)
  A hydra (Lair:4)
  A merfolk (Lair:4)
2 creatures vanquished.

Vanquished Creatures (others)
  2 jumping spiders (Spider:1)
  2 redbacks (Spider:1)
  A tarantella (Spider:1)
  A hell hound (Lair:6)
  A slave (D:8)
  An orc wizard (D:11)
  2 orcs (Orc:2)
  A bush (Lair:6)
  26 fungi
  27 plants
64 creatures vanquished.

Grand Total: 985 creatures vanquished

Notes
Turn   | Place    | Note
-------+----------+-------------------------------------------
     0 | D:1      | Dragon00 the Minotaur Berserker began the quest for the
                  | Orb.
     0 | D:1      | Reached XP level 1. HP: 19/19 MP: 0/0
   133 | D:1      | Reached XP level 2. HP: 20/27 MP: 1/1
   369 | D:1      | Reached skill level 4 in Fighting
   557 | D:1      | Reached ** piety under Trog
   557 | D:1      | Reached XP level 3. HP: 32/33 MP: 2/2
  1080 | D:2      | Reached XP level 4. HP: 40/40 MP: 3/3
  1097 | D:2      | Found a faded altar of an unknown god.
  1399 | D:3      | Reached XP level 5. HP: 36/47 MP: 4/4
  1587 | D:3      | Found a sacrificial altar of Ru.
  2147 | D:4      | Reached *** piety under Trog
  2147 | D:4      | Reached skill level 5 in Axes
  2200 | D:4      | Reached skill level 5 in Fighting
  2212 | D:4      | Reached XP level 6. HP: 36/56 MP: 5/5
  2246 | D:4      | Found a shattered altar of Ashenzari.
  2493 | D:4      | Noticed Eustachio
  2512 | D:4      | Killed Eustachio
  2512 | D:4      | Reached skill level 5 in Armour
  2512 | D:4      | Reached XP level 7. HP: 46/62 MP: 6/6
  2515 | D:4      | Reached skill level 6 in Fighting
  2717 | D:4      | Reached skill level 5 in Dodging
  2912 | D:4      | Noticed Edmund
  2989 | D:4      | Killed Edmund
  3181 | D:4      | Reached **** piety under Trog
  3324 | D:4      | Found a basalt altar of Yredelemnul.
  3419 | D:5      | Entered Level 5 of the Dungeon
  3430 | D:5      | Reached XP level 8. HP: 65/71 MP: 7/7
  3477 | D:5      | Noticed Grinder
  3501 | D:5      | Paralysed by Grinder for 3 turns
  3519 | D:5      | Paralysed by Grinder for 3 turns
  3543 | D:5      | Killed Grinder
  3543 | D:5      | Reached skill level 7 in Fighting
  3930 | D:5      | Noticed Prince Ribbit
  3935 | D:5      | Killed Prince Ribbit
  4243 | D:5      | Noticed Ijyb
  4252 | D:5      | Killed Ijyb
  4530 | D:5      | Noticed Menkaure
  4540 | D:5      | Killed Menkaure
  4979 | D:6      | Reached skill level 8 in Fighting
  4979 | D:6      | Reached XP level 9. HP: 70/81 MP: 8/8
  5262 | D:6      | Found Wishrut's Antique Armour Shop.
  5293 | D:6      | Found Lerut's Magic Scroll Emporium.
  5567 | D:6      | Found Jeupliant's Food Shop.
  5596 | D:6      | Found Kiunudoch's Assorted Antiques.
  5746 | D:6      | Reached ***** piety under Trog
  5746 | D:6      | Received a gift from Trog
  5790 | D:6      | Found Olaufer's Food Shop.
  5857 | D:6      | Found a stormy altar of Qazlal.
  6194 | D:6      | Bought a pair of brightly glowing boots for 209 gold pieces
  6199 | D:6      | Identified the cursed +0 pair of boots "Sysseami" {Int+6
                  | SInv} (You bought it in a shop on level 6 of the Dungeon)
  6220 | D:7      | Noticed Joseph
  6222 | D:7      | Found a staircase to the Ecumenical Temple.
  6232 | D:7      | Killed Joseph
  6365 | D:7      | Reached skill level 9 in Fighting
  7186 | Temple   | Entered the Ecumenical Temple
  7442 | D:8      | Noticed Psyche
  7446 | D:8      | Killed Psyche
  7575 | D:8      | Reached XP level 10. HP: 84/93 MP: 9/9
  7611 | D:8      | Noticed an unseen horror
  7614 | D:8      | Killed an unseen horror
  7614 | D:8      | Reached skill level 10 in Fighting
  7690 | D:8      | Noticed Pikel
  7701 | D:8      | Killed Pikel
  7831 | D:8      | Noticed Maggie
  7836 | D:8      | Received a gift from Trog
  7852 | D:8      | Killed Maggie
  7852 | D:8      | Reached skill level 11 in Fighting
  8305 | D:8      | Reached skill level 10 in Axes
  8664 | D:8      | Noticed a centaur warrior
  8669 | D:8      | Killed a centaur warrior
  8693 | D:8      | Reached skill level 10 in Armour
  8696 | D:8      | Reached XP level 11. HP: 101/104 MP: 10/10
  8968 | D:9      | Found a snail-covered altar of Cheibriados.
  9062 | D:9      | Reached skill level 12 in Fighting
  9076 | D:9      | Found a staircase to the Lair.
  9512 | D:10     | Entered Level 10 of the Dungeon
  9730 | D:10     | Noticed a two-headed ogre
  9738 | D:10     | Killed a two-headed ogre
  9740 | D:10     | Noticed a two-headed ogre
  9754 | D:10     | Killed a two-headed ogre
  9754 | D:10     | Reached skill level 13 in Fighting
  9994 | D:10     | Received a gift from Trog
 10055 | D:10     | Reached skill level 10 in Dodging
 10662 | D:11     | Found a frozen archway.
 10664 | D:11     | Noticed a two-headed ogre
 10670 | D:11     | Noticed Nergalle
 10671 | D:11     | Killed a two-headed ogre
 10676 | D:11     | Noticed a cyan ugly thing
 10684 | D:11     | Killed a cyan ugly thing
 10690 | D:11     | Killed Nergalle
 10690 | D:11     | Reached XP level 12. HP: 116/116 MP: 11/11
 10705 | IceCv    | Entered an ice cave
 11697 | IceCv    | Reached skill level 14 in Fighting
 11780 | IceCv    | Received a gift from Trog
 11787 | IceCv    | Found the +5 scythe "Finisher" {speed, eviscerate}
 12209 | D:11     | Noticed Erolcha
 12216 | D:11     | Killed Erolcha
 12867 | D:11     | Noticed a two-headed ogre
 12876 | D:11     | Killed a two-headed ogre
 13112 | D:12     | Noticed a two-headed ogre
 13118 | D:12     | Killed a two-headed ogre
 13483 | D:12     | Found a staircase to the Orcish Mines.
 13575 | D:12     | Identified a scroll of acquirement
 13615 | D:12     | Reached skill level 15 in Fighting
 13658 | D:12     | Found a runed translucent gate.
 13658 | D:12     | Found a runed translucent gate.
 13658 | D:12     | Found a runed translucent gate.
 13687 | D:12     | Received a gift from Trog
 13779 | D:12     | Noticed Rupert
 13792 | D:12     | Killed Rupert
 14151 | D:12     | Reached XP level 13. HP: 127/127 MP: 12/12
 14313 | D:12     | Noticed Baufy's ghost (novice CeGl)
 14507 | D:12     | Killed Baufy's ghost
 15346 | D:13     | Reached skill level 16 in Fighting
 15353 | D:13     | Noticed an ironheart preserver
 15363 | D:13     | Killed an ironheart preserver
 15363 | D:13     | Received a gift from Trog
 15537 | D:13     | Found a gate to the Vaults.
 15705 | Lair:1   | Entered Level 1 of the Lair of Beasts
 15779 | Lair:1   | Found a dark tunnel.
 15786 | Volcano  | Entered a volcano
 16387 | Lair:1   | You fall into a shaft and drop 1 floor!
 16901 | Lair:2   | Upgraded the game from 0.25-a0-413-g3b4b6a4ccc to
                  | 0.25-a0-464-g3004169c2b
 16972 | Lair:2   | Found a hole to the Spider Nest.
 18011 | Lair:3   | Reached skill level 17 in Fighting
 18044 | Lair:3   | Reached XP level 14. HP: 139/139 MP: 13/13
 18763 | Lair:4   | Received a gift from Trog
 18814 | Lair:4   | Found a staircase to the Shoals.
 20038 | Lair:5   | Found a viscous altar of Jiyva.
 20038 | Lair:5   | Found a staircase to the Slime Pits.
 20544 | Lair:6   | Entered Level 6 of the Lair of Beasts
 21039 | Lair:6   | Reached skill level 18 in Fighting
 21530 | Lair:6   | Received a gift from Trog
 21982 | Lair:6   | Reached XP level 15. HP: 93/149 MP: 14/14
 22760 | Lair:6   | Reached skill level 15 in Axes
 23429 | Orc:1    | Entered Level 1 of the Orcish Mines
 23646 | Orc:1    | Received a gift from Trog
 23738 | Orc:1    | Reached skill level 15 in Armour
 23988 | Orc:1    | Found Waddasm's General Store.
 24056 | Orc:2    | Entered Level 2 of the Orcish Mines
 24675 | Orc:2    | Received a gift from Trog
 25018 | Orc:2    | Found Idaymmeg's Distillery.
 25029 | Orc:2    | Found Pistry's Food Emporium.
 25943 | Orc:2    | Found a staircase to the Elven Halls.
 26241 | Orc:2    | Received a gift from Trog
 26415 | Orc:2    | Found Ahaj's Antique Armour Shop.
 26415 | Orc:2    | Found a one-way gate leading to the halls of Pandemonium.
 26415 | Orc:2    | Found Jykob's Gadget Boutique.
 26623 | D:14     | Reached skill level 19 in Fighting
 27391 | D:15     | Entered Level 15 of the Dungeon
 27473 | D:15     | Received a gift from Trog
 27601 | D:15     | Found a staircase to the Depths.
 27657 | D:15     | Reached XP level 16. HP: 149/160 MP: 15/15
 28178 | D:15     | Found a glowing silver altar of Zin.
 28603 | D:15     | Upgraded the game from 0.25-a0-464-g3004169c2b to
                  | 0.25-a0-503-ge281fa673e
 28813 | Spider:1 | Entered Level 1 of the Spider Nest
 28813 | Spider:1 | Noticed Nikola
 29010 | Lair:2   | Received a gift from Trog
 29135 | Lair:2   | Reached skill level 15 in Dodging
 29589 | Lair:2   | HP: 1/160 [Nikola/chain lightning (15)]
 29589 | Lair:2   | Killed from afar by Nikola

Levels and vault maps discovered:
D:1:      nzn_arrival_water_spiral, layout_basic
D:2:      layout_rooms, chequers_ecumenical_altar_lobes, minmay_heptomino_l4
D:3:      layout_basic, lemuel_statue_altar
D:4:      layout_rooms, yredelemnul_altar_generic,
          ashenzari_conservatory_becter, goddamned_bats, uniq_eustachio,
          uniq_edmund
D:5:      layout_gridville, first_ration, kennysheep_generic_room_6,
          uniq_prince_ribbit1, uniq_ijyb, uniq_menkaure, uniq_grinder
D:6:      layout_cave_pools, nicolae_qazlal_style_of_elements, serial_shops,
          shop, shop, kennysheep_little_box, kennysheep_mini,
          nicolae_shop_window_shopping
D:7:      layout_loops_corners, minmay_temple_entry_trees, uniq_joseph
D:8:      minmay_the_grid_triangle_9x9_rhombus_thin
          [minmay_the_grid_triangle_9x9_alien,
          minmay_the_grid_triangle_9x9_prize_schism,
          minmay_the_grid_triangle_9x9_cache,
          minmay_the_grid_triangle_9x9_zippers_vertical], layout_loops_ring,
          ebering_dispersal_statue_hall, hangedman_pestilent_swarm, uniq_pikel,
          uniq_psyche, uniq_maggie
D:9:      layout_roguey, cheibriados_altar_1, due_lair_maze_entry_diamond
D:10:     minmay_imperfect_grid, layout_irregular_city
D:11:     layout_basic, portal_ice_cave_entry_imps, serial_curves,
          eino_curves_02, eino_curves_03, nicolae_zen_rock_garden,
          uniq_nergalle, uniq_erolcha
D:12:     layout_loops_corners, david_orc_3, serial_rivers,
          chequers_serial_rivers_micro_b, chequers_serial_rivers_large_a,
          chequers_serial_rivers_small_b, chequers_serial_rivers_micro_c,
          gammafunk_ghost_necromancy, uniq_rupert
D:13:     layout_rooms, skrybe_vaults_entry_preservation, minmay_lizard_king
D:14:     layout_cave_pods, nrook_pool_corridor
D:15:     grunt_enter_depths_hoard, layout_cave_pods, lemuel_tele_altar
Temple:   compressed_dpeg_circular_temple
Lair:1:   layout_regular_city, nicolae_volcano_entry_two_sided
Lair:2:   layout_hall_layers, spider_nest_entry_funnel_web
Lair:3:   layout_loops_ring
Lair:4:   layout_gridlike, elwin_shoals_entry_stream
Lair:5:   layout_hall_layers, slime_altar_1, kennysheep_catoblepas_arena
Lair:6:   hangedman_lair_caniforms_friends, layout_cave_pods,
          guppyfry_lair_end_dragon
Spider:1: layout_spider_delve, gammafunk_ghost_abyssal_escape, uniq_nikola
Orc:1:    layout_diamond_mine, serial_shops, nicolae_shop_behind_doors
Orc:2:    pf_orc_diabolical, layout_diamond_mine, hangedman_minor_magic

Skill      XL: |  1  2  3  4  5  6  7  8  9 10 11 12 13 14 15 16 |
---------------+-------------------------------------------------+-----
Axes           | 4 5 6 8 9 10 11 12 13 14 16 | 16.2
Fighting       | 4 5 6 8 9 11 13 15 17 18 19 | 19.3
Armour         | 3 4 5 6 7 8 10 11 12 13 14 15 16 | 16.1
Dodging        | 3 4 5 6 8 9 10 11 12 13 14 15 | 15.0

Action                   |  1- 3 |  4- 6 |  7- 9 | 10-12 | 13-15 | 16-18 || total
-------------------------+-------+-------+-------+-------+-------+-------++-------
Melee: Hand axe          |    43 |   118 |   256 |       |       |       ||   417
       Headbutt          |     5 |    17 |    65 |   120 |   323 |    22 ||   552
       Executioner's axe |       |       |    60 |   485 |   682 |    69 ||  1296
       Flail             |       |       |       |       |   472 |       ||   472
 Fire: Hunting sling     |       |       |    13 |    67 |    21 |       ||   101
Throw: Boomerang         |    63 |    27 |    35 |       |       |       ||   125
       Stone             |       |     5 |    40 |       |     5 |       ||    50
       Dart              |       |       |     2 |     6 |       |       ||     8
       Javelin           |       |       |       |    13 |    85 |     2 ||   100
Invok: Trog's Hand       |       |     2 |     1 |     4 |     5 |       ||    12
       Berserk           |       |     1 |     2 |     2 |     9 |     1 ||    15
       Brothers in Arms  |       |       |       |       |     1 |     2 ||     3
  Use: Scroll            |       |    10 |    13 |     8 |    12 |     1 ||    44
       Potion            |       |       |       |     3 |     3 |     2 ||     8
  Eat: Chunk             |     1 |     5 |    14 |    18 |    47 |     4 ||    89
       Ration            |       |       |     3 |     3 |     3 |     1 ||    10
Armor: Animal skin       |    12 |     8 |       |       |       |       ||    20
       Chain mail        |       |     4 |       |       |       |       ||     4
       Ring mail         |       |    31 |     6 |       |       |       ||    37
       Scale mail        |       |       |   117 |       |       |       ||   117
       Plate armour      |       |       |     7 |   370 |   916 |   140 ||  1433
       Skin              |       |       |       |    15 |       |       ||    15
Dodge: Dodged            |    38 |    80 |   216 |   367 |  1145 |   185 ||  2031
Block: Buckler           |       |       |     3 |       |       |       ||     3
       Other             |       |       |       |     4 |    87 |    15 ||   106
       Reflection        |       |       |       |       |     1 |     1 ||     2

Table legend:
 A = Non-vault XP
 B = Vault XP
 C = Vault XP percentage of total XP
 D = Non-vault monster count
 E = Vault monster count
 F = Vault count percentage of total count
                 A         B        C        D         E       F
            +---------+---------+-------+---------+---------+-------
      Total |  102840 |   64981 |  38.7 |     605 |     294 |  32.7
            +---------+---------+-------+---------+---------+-------
        D:1 |      46 |       0 |   0.0 |      25 |       0 |   0.0
        D:2 |      48 |      19 |  28.4 |      13 |       3 |  18.8
        D:3 |     161 |       0 |   0.0 |      24 |       0 |   0.0
        D:4 |     597 |     546 |  47.8 |      30 |      21 |  41.2
        D:5 |     476 |     771 |  61.8 |      15 |       4 |  21.1
        D:6 |    1016 |       2 |   0.2 |      28 |       1 |   3.4
        D:7 |     645 |     466 |  41.9 |      18 |       1 |   5.3
        D:8 |    1859 |    4511 |  70.8 |      21 |      24 |  53.3
        D:9 |     697 |     952 |  57.7 |      19 |       8 |  29.6
       D:10 |    3386 |    3013 |  47.1 |      27 |      19 |  41.3
       D:11 |    5323 |    2013 |  27.4 |      35 |      14 |  28.6
       D:12 |    5894 |    5797 |  49.6 |      45 |      12 |  21.1
       D:13 |    5390 |    4498 |  45.5 |      18 |      15 |  45.5
       D:14 |    9259 |       0 |   0.0 |      41 |       0 |   0.0
       D:15 |   12649 |    1920 |  13.2 |      40 |       2 |   4.8
     Lair:1 |    4428 |       0 |   0.0 |      24 |       0 |   0.0
     Lair:2 |    5877 |    1028 |  14.9 |      22 |       4 |  15.4
     Lair:3 |    5618 |       0 |   0.0 |      25 |       0 |   0.0
     Lair:4 |   13094 |    1339 |   9.3 |      33 |       4 |  10.8
     Lair:5 |    5227 |       0 |   0.0 |      14 |       0 |   0.0
     Lair:6 |   13801 |   15031 |  52.1 |      36 |      69 |  65.7
   Spider:1 |      20 |       0 |   0.0 |       1 |       0 |   0.0
      Orc:1 |    3130 |       0 |   0.0 |      21 |       0 |   0.0
      Orc:2 |    4199 |   17906 |  81.0 |      30 |      77 |  72.0
      IceCv |       0 |    3021 | 100.0 |       0 |      11 | 100.0
    Volcano |       0 |    2148 | 100.0 |       0 |       5 | 100.0
            +---------+---------+-------+---------+---------+-------
